 Dungeon Crawl Stone Soup version 0.28.0-43-g3370ac3207 (webtiles) character file.

Game seed: 18043754319339130959

565 silky the Skirmisher (level 7, 0/91 HPs)
             Began as a Minotaur Chaos Knight on Mar 30, 2022.
             Was a Plaything of Xom.
             Slain by a phantom (7 damage)
             ... on level 5 of the Dungeon.
             The game lasted 00:13:50 (3982 turns).

silky the Skirmisher (Minotaur Chaos Knight)        Turns: 3982, Time: 00:13:50

Health: 0/91       AC: 23    Str: 17    XL:     7   Next: 10%
Magic:  6/6        EV:  2    Int: 15    God:    Xom [.*....]
Gold:   152        SH:  5    Dex: 11    Spells: 6/6 levels left

rFire   . . .      SeeInvis .   n - +3 quarterstaff (chaos)
rCold   . . .      Faith    .   (shield currently unavailable)
rNeg    . . .      Spirit   .   (armour currently unavailable)
rPois   +          Reflect  +   (helmet currently unavailable)
rElec   .          Harm     .   (cloak currently unavailable)
rCorr   .          Rampage  .   (gloves currently unavailable)
Will    ++...      NoTele   +   (boots currently unavailable)
Stlth   +.........              j - amulet of reflection
HPRegen 0.25/turn               o - +6 ring of intelligence
MPRegen 0.10/turn               l - ring of willpower

@: brilliant, tree-form
A: stationary, stasis, torment immunity, boosted hp, (horns 2), (retaliatory
headbutt), agile 1, strong-willed 1, weak 1
a: Renounce Religion


You were on level 5 of the Dungeon.
You worshipped Xom.
You were a plaything of Xom.
You were a tree.
You visited 1 branch of the dungeon, and saw 5 of its levels.

You collected 152 gold pieces.

Inventory:

Hand Weapons
 a - a +0 hand axe of chaos
 n - a +3 quarterstaff of chaos (weapon)
Missiles
 b - 2 throwing nets
 c - 12 boomerangs (quivered)
Armour
 h - a +1 pair of gloves (melded)
 r - a +0 pair of boots (melded)
 w - the +0 chain mail "Niatat Pota" (melded) {rElec rC- rN++ Str+3}
   (You found it on level 4 of the Dungeon)

   Str:       It affects your strength (+3).
   rC:        It makes you vulnerable to cold.
   rElec:     It insulates you from electricity.
   rN:        It greatly protects you from negative energy.
 x - a +0 tower shield
Magical Staves
 e - a staff of conjuration
Jewellery
 j - an amulet of reflection (around neck)
 l - a ring of willpower (right branch)
 o - a +6 ring of intelligence (left branch)
Wands
 p - a wand of iceblast (10)
 s - a wand of digging (4)
Scrolls
 g - a scroll of fog
 u - a scroll of fear
 v - a scroll of amnesia
 A - a scroll of teleportation
Potions
 d - 2 potions of cancellation
 f - a potion of might {unknown}
 i - 2 potions of degeneration
 k - a potion of lignification
 m - a potion of invisibility {unknown}
 q - a potion of flight {unknown}
 t - a potion of brilliance
 z - 2 potions of mutation
Miscellaneous
 y - a piece from Xom's chessboard (15/15)


   Skills:
 + Level 5.5 Fighting
 + Level 5.1 Axes
 + Level 4.6 Staves
 + Level 4.3 Armour
 + Level 2.0 Dodging
 + Level 0.7 Stealth
 + Level 2.4 Shields


You had 6 spell levels left.
You didn't know any spells.
Your spell library contained the following spells:

 Spells                   Type           Power      Damage    Failure   Level
 Sandblast                Erth           0%         2d4       26%         1
 Passwall                 Tmut/Erth      0%         N/A       38%         2
 Stone Arrow              Conj/Erth      0%         3d7       63%         3


Dungeon Overview and Level Annotations

Branches:
Dungeon (5/15)             Temple (0/1) D:4

Altars:
Nemelex Xobeh
Trog
Xom


Innate Abilities, Weirdness & Mutations

You are a tree.
Your roots penetrate the ground, keeping you stationary.
You cannot be teleported.
You are immune to unholy pain and torment.
Your maximum health is greatly increased.
Your equipment is partially melded.
((You have a pair of horns on your head.))
((You reflexively headbutt those who attack you in melee.))
You are agile. (Dex +2)
You are strong-willed. (Will+)
You are weak. (Str -2)


Message History

The white imp barely misses your +0 whip.
Something barely misses the ogre.
You miss the phantom.
Your +0 whip hits the ogre!!
The ogre dies!
The phantom hits you but does no damage.
Something hits your +0 whip but does no damage.
Something barely misses your +0 whip.
Your +0 whip hits something!
Your Dodging skill increases to level 2!
You have reached level 7!
You hit the phantom.
The phantom resists with almost no effort.
The phantom is moderately damaged.
The phantom hits you.
* * * LOW HITPOINT WARNING * * *
Something barely misses your +0 whip.
Your +0 whip hits something!
You feel a bit more experienced.
Something barely misses your +0 whip.
It was a potion of brilliance.
You feel clever all of a sudden.
Xom roars with laughter!
Something closely misses the white imp.
The phantom hits you but does no damage.
Your +0 whip barely misses the white imp.
Something completely misses your +0 whip.
Okay, then.
You nearly hit yourself!
You feel less confused.
Your +0 whip hits the white imp!
The phantom hits you but does no damage.
Something misses your +0 whip.
You miss the phantom.
The phantom is moderately damaged.
Your +0 whip hits the white imp!!
The white imp dies!
The phantom hits you but does no damage.
Something hits your +0 whip but does no damage.
You miss the phantom.
The phantom is moderately damaged.
The phantom hits you!
You die... "What!?
That's it?"

..≈≈# ##### ...≈#.#.#.##
☼.5≈..#.#..#
.O.≈...>#..# #
..≈≈..#....#.#
.≈≈≈g≈###..Z#.#.#
......(.)(#.Z...#
......#.##W##.###
#....#.##.⌠♣##.## #
#.>...####.####.#.#
#.....#.###.#.#...#
#....#.⌠.###.8.#..#
####(....#.#)###.#...#
###.........###.#.##.#.#
#.#'#......###.♣.## .#.#
#...####...##.#.## ...#
......##...#.###.# ...#


You could see a phantom (ally target) and a friendly +0 whip.

Vanquished Creatures
  2 scorpions
  A centaur zombie (D:5)
  A hound (D:5)
  Crazy Yiuf (D:3)
  A bullfrog skeleton (D:5)
  An orc wizard (D:4)
  4 gnolls (D:4)
  3 adders (D:5)
  A white imp (D:5)
  2 ufetubi (D:5)
  2 adder skeletons (D:4)
  2 worms
  4 dart slugs
  8 orcs
  11 endoplasms
  3 giant cockroaches
  5 goblins (D:2)
  2 hobgoblins
  2 jackals (D:5)
  3 quokkas
  11 ball pythons
  4 bats
  3 frilled lizards
  2 kobolds (D:1)
  3 rats
82 creatures vanquished.

Vanquished Creatures (collateral kills)
  An ogre (D:5)
  3 gnolls (D:5)
  A white imp (D:5)
5 creatures vanquished.

Grand Total: 87 creatures vanquished

Notes
Turn   | Place    | Note
-------+----------+-------------------------------------------
     0 | D:1      | silky the Minotaur Chaos Knight began the quest for the
                  | Orb.
     0 | D:1      | Reached XP level 1. HP: 19/19 MP: 0/0
   165 | D:1      | Reached XP level 2. HP: 27/27 MP: 1/1
   873 | D:2      | Reached XP level 3. HP: 34/34 MP: 2/2
   949 | D:2      | XOM: divination: detect creatures
  1576 | D:2      | You fall into a shaft and drop 1 floor!
  1926 | D:3      | Found a faded altar of an unknown god.
  2028 | D:3      | Found a runed translucent door.
  2029 | D:3      | Noticed Crazy Yiuf
  2038 | D:3      | XOM: divination: detect creatures
  2039 | D:3      | XOM: noise
  2044 | D:3      | HP: 2/52 [Crazy Yiuf/+3 quarterstaff of chaos (12)]
  2046 | D:3      | Killed Crazy Yiuf
  2047 | D:3      | Reached skill level 5 in Fighting
  2047 | D:3      | Reached XP level 4. HP: 3/42 MP: 3/3
  2571 | D:3      | XOM: silly message
  2785 | D:3      | XOM: silly message
  2855 | D:3      | XOM: silly message
  3020 | D:4      | Noticed a scorpion
  3020 | D:4      | XOM: potion effect (invisibility)
  3027 | D:4      | Killed a scorpion
  3028 | D:4      | Reached skill level 5 in Axes
  3028 | D:4      | Reached skill level 1 in Staves
  3028 | D:4      | Reached XP level 5. HP: 48/48 MP: 4/4
  3028 | D:4      | Identified the +0 chain mail "Niatat Pota" {rElec rC- rN++
                  | Str+3}
  3030 | D:4      | XOM: give mutation
  3030 | D:4      | Gained mutation: You are partially covered in iridescent
                  | scales. (AC +2) [Xom's grace]
  3112 | D:4      | Reached skill level 1 in Shields
  3192 | D:4      | Found a staircase to the Ecumenical Temple.
  3193 | D:4      | XOM: 5-stop teleportation journey
  3489 | D:4      | Found a sparkling altar of Nemelex Xobeh.
  3596 | D:5      | Entered Level 5 of the Dungeon
  3623 | D:5      | Found a bloodstained altar of Trog.
  3734 | D:5      | XOM: noise
  3778 | D:5      | Reached XP level 6. HP: 48/56 MP: 5/5
  3957 | D:5      | Found a shimmering altar of Xom.
  3974 | D:5      | XOM: confusion (+ monsters)
  3975 | D:5      | Lost mutation: You are partially covered in iridescent
                  | scales. (AC +2) [potion of mutation]
  3975 | D:5      | Gained mutation: You are agile. (Dex +2) [potion of
                  | mutation]
  3975 | D:5      | Gained mutation: You are weak. (Str -2) [potion of
                  | mutation]
  3975 | D:5      | Gained mutation: You are strong-willed. (Will+) [potion of
                  | mutation]
  3978 | D:5      | Reached XP level 7. HP: 6/61 MP: 6/6
  3982 | D:5      | Slain by a phantom

Illustrated notes

Levels and vault maps discovered:
D:1:      saegor_arrival_simple_a, layout_basic
D:2:      minmay_door_path, layout_rooms
D:3:      layout_basic, hellmonk_ecumenical_altar_zigzags,
          uniq_crazy_yiuf_cottage
D:4:      layout_gridville, kennysheep_mini, temple_green
D:5:      nicolae_cairo_tiling_very_big, layout_basic, xom_confusion_cloud,
          lemuel_crystal_altar, lemuel_tele_altar, grunt_decor_mini_mirrors,
          hangedman_decor_riveting, hellmonk_bongcloud_opening

Skill      XL: |  1  2  3  4  5  6 |
---------------+-------------------+-----
Fighting       | 4 5 |  5.5
Axes           | 4 5 |  5.1
Armour         | 3 4 |  4.3
Staves         | 1 3 4 |  4.6
Shields        | 1 2 |  2.4
Dodging        | 2 |  2.0
Stealth        | |  0.7

Action                   |  1- 3 |  4- 6 |  7- 9 || total
-------------------------+-------+-------+-------++-------
Melee: Hand axe          |    61 |       |       ||    61
       Headbutt          |     8 |    10 |       ||    18
       Quarterstaff      |       |    99 |     3 ||   102
  Use: Scroll            |     3 |     6 |       ||     9
       Potion            |     1 |     2 |     1 ||     4
Armor: Leather armour    |     8 |     6 |       ||    14
       Chain mail        |       |    73 |       ||    73
       Skin              |       |     1 |     3 ||     4
Dodge: Dodged            |    27 |    37 |       ||    64
Block: Other             |     9 |    35 |       ||    44
       Reflection        |     1 |       |       ||     1
